 Dungeon Crawl Stone Soup version 0.18.0-1-g0107ab7 (webtiles) character file.

31 Charmandara the Chucker (level 3, -2/37 HPs)
             Began as an Ogre Hunter on May 6, 2016.
             Killed from afar by Terence (3 damage)
             ... with a wand of flame
             ... on level 2 of the Dungeon.
             The game lasted 00:02:50 (1686 turns).

Charmandara the Chucker (Ogre Hunter)               Turns: 1686, Time: 00:02:50

Health: -2/37      AC:  3    Str: 17    XL:     3   Next: 22%
Magic:  0/3        EV: 10    Int: 10    God:
Gold:   41         SH:  0    Dex: 11    Spells: 0 memorised, 2 levels left

rFire  . . .     SeeInvis .     a - +0 short sword
rCold  . . .     Gourm    .     b - +0 robe
rNeg   . . .     Faith    .     (no shield)
rPois  .         Spirit   +     (helmet restricted)
rElec  .         Dismiss  .     (no cloak)
rCorr  .         Reflect  .     (gloves unavailable)
SustAt .         Harm     .     (boots unavailable)
MR     .....                    i - amulet of guardian spirit {Spirit}
Stlth  +.........               (no ring)
                                (no ring)

@: not resistant to hostile enchantments, very unstealthy
A: unfitting armour, tough skin 1
a: no special abilities


You were on level 2 of the Dungeon.
You were not hungry.

You visited 1 branch of the dungeon, and saw 2 of its levels.

You collected 41 gold pieces.

Inventory:

Hand Weapons
 a - a +0 short sword (weapon)
Missiles
 d - 2 throwing nets {=f, !d}
Armour
 b - a +0 robe (worn)
Jewellery
 i - an amulet of guardian spirit (around neck) {Spirit}
   (You found it on level 1 of the Dungeon)
Scrolls
 e - a scroll of random uselessness {unknown}
 g - a scroll of enchant armour {unknown}
 k - a scroll of fog {unknown}
 l - 2 scrolls of remove curse {unknown}
 m - a scroll of amnesia {unknown}
 n - a scroll of identify {unknown}
 o - a scroll of enchant weapon {unknown}
 p - a scroll of noise {unknown}
Potions
 h - a potion of cure mutation {unknown}
Comestibles
 f - 2 bread rations {@e1}
 j - a slice of pizza
 q - a chunk of flesh {@w0}


   Skills:
 + Level 3.1 Fighting
 * Level 4.5 Throwing
 + Level 2.1 Dodging
 - Level 1.0 Stealth


You had 2 spell levels left.
You didn't know any spells.

Dungeon Overview and Level Annotations

Branches:
Dungeon (2/15)

Altars:

Annotations:
D:2 Terence


Innate Abilities, Weirdness & Mutations

You are too large for most types of armour.
You have tough skin (AC +1).


Message History

You hit the hobgoblin but do no damage. The hobgoblin barely misses you.
You barely miss the hobgoblin. The hobgoblin misses you.
The hobgoblin hits you.
You take 1 damage, and have 30/37 hp.
You now have 2/3 mp.
You hit the hobgoblin but do no damage. The hobgoblin hits you.
You take 1 damage, and have 29/37 hp.
You now have 1/3 mp.
You barely miss the hobgoblin. The hobgoblin barely misses you.
You miss the hobgoblin. The hobgoblin hits you.
You take 1 damage, and have 28/37 hp.
You hit the hobgoblin. The hobgoblin hits you.
You take 1 damage, and have 27/37 hp.
You hit the hobgoblin but do no damage. The hobgoblin hits you.
You take 3 damage, and have 24/37 hp.
You hit the hobgoblin. The hobgoblin hits you.
You take 1 damage, and have 23/37 hp.
You closely miss the hobgoblin. The hobgoblin hits you.
You take 3 damage, and have 20/37 hp.
You hit the hobgoblin.
You kill the hobgoblin!
Things that are here:
23 stones; a hobgoblin corpse You butcher the hobgoblin corpse.
q - a chunk of flesh {@w0} You see here 23 stones.
You start resting.
Eating a chunk of flesh {@w0}.
You continue eating. x2
A bat comes into view.
You regained 10 hp, and now have 31/37 hp.
MP restored: 3 A bat is nearby!
Found 14 stones.
Found a stone staircase leading down.
The bat hits you but does no damage.
Found 21 stones.
Found a stone staircase leading up.
You hit the bat but do no damage. The bat hits you.
You take 1 damage, and have 30/37 hp.
You barely miss the bat. The bat hits you but does no damage.
The bat hits you but does no damage.
You hit the bat but do no damage. The bat completely misses you.
You closely miss the bat. The bat hits you but does no damage.
The bat hits you but does no damage.
You barely miss the bat. The bat misses you.
You hit the bat.
You kill the bat!
Things that are here:
a stone; a bat corpse You butcher the bat corpse.
q - a chunk of flesh {@w0}
Things that are here:
a stone; a bat skeleton An adder comes into view.
An adder is nearby!
Terence the Incautious comes into view.
He is wielding an enchanted hand axe.
You barely miss Terence.
Terence hits you with an enchanted hand axe.
You take 3 damage, and have 30/37 hp.
You now have 2/3 mp.
Unknown command.
Aim: Terence, wielding an enchanted hand axe and wearing a scale mail You throw a large rock {!d}.
The large rock {!d} completely misses Terence.
Terence zaps a wand.
The puff of flame hits you!
It is a wand of flame.
Terence hits you with an enchanted hand axe.
You take 11 damage, and have 19/37 hp.
MASSIVE DAMAGE!!
You now have 1/3 mp.
Unknown command.
Aim: Terence, wielding an enchanted hand axe, wearing a scale mail and carrying a wand of flame {zapped: 1} You throw a large rock {!d}.
The large rock {!d} barely misses Terence.
Terence hits you with an enchanted hand axe!
Terence closely misses you.
You take 7 damage, and have 12/37 hp.
Unknown command.
Aim: Terence, wielding an enchanted hand axe, wearing a scale mail and carrying a wand of flame {zapped: 1} You throw a large rock {!d}.
The large rock {!d} barely misses Terence.
Terence hits you with an enchanted hand axe!
* * * LOW HITPOINT WARNING * * *
Unknown command.
You take 6 damage, and have 6/37 hp.
You now have 0/3 mp.
Aim: Terence, wielding an enchanted hand axe, wearing a scale mail and carrying a wand of flame {zapped: 1} You throw a large rock {!d}.
The large rock {!d} barely misses Terence.
Terence completely misses you. Terence hits you but does no damage.
Unknown command.
Unknown command.
Aim: Terence, wielding an enchanted hand axe, wearing a scale mail and carrying a wand of flame {zapped: 1} You throw a large rock {!d}.
The large rock {!d} closely misses Terence.
Terence hits you with an enchanted hand axe.
* * * LOW HITPOINT WARNING * * *
You take 5 damage, and have 1/37 hp.
Unknown command.
Unknown command.
Drink which item? (? for menu, Esc to quit)
Okay, then.
Terence zaps a wand.
The puff of flame hits you!
You die...

#..# #.#.#
#..######(#.#
#..#...(((..#
####.........###
#.....[.######
#.......#
......(.###########
#................S#
........####@####.#
#..>....# #.#
#..(..<.# #@#
....#.#.# #..
#####.#.# #..#
#.#.. .(.. .. ##...
... ...#


You could see Terence and an adder (sleeping).

Vanquished Creatures
  A worm (D:2)
  2 dart slugs (D:1)
  A giant cockroach (D:2)
  2 goblins
  A hobgoblin (D:2)
  4 jackals (D:1)
  6 bats
  2 giant newts (D:1)
  3 kobolds (D:1)
  2 rats (D:1)
  A plant (D:1)
25 creatures vanquished.

Notes
Turn   | Place    | Note
--------------------------------------------------------------
     0 | D:1      | Charmandara the Ogre Hunter began the quest for the Orb.
     0 | D:1      | Reached XP level 1. HP: 22/22 MP: 1/1
   353 | D:1      | Reached skill level 1 in Stealth
   401 | D:1      | HP: 5/22 [kobold (4)]
   403 | D:1      | Reached XP level 2. HP: 4/29 MP: 0/2
   823 | D:1      | Reached skill level 3 in Fighting
   828 | D:1      | Reached skill level 2 in Dodging
  1256 | D:2      | Reached XP level 3. HP: 28/37 MP: 3/3
  1263 | D:2      | HP: 9/37 [worm (3)]
  1677 | D:2      | Noticed Terence
  1683 | D:2      | HP: 6/37 [Terence/enchanted hand axe (6)]
  1685 | D:2      | HP: 1/37 [Terence/enchanted hand axe (6)]
  1686 | D:2      | Killed from afar by Terence

Skill      XL: |  1  2 |
---------------+-------+-----
Stealth        | 1 |  1.0
Fighting       | 3 |  3.1
Dodging        | 2 |  2.1
Throwing       | |  4.5

Action                   || total
-------------------------++-------
Melee: Short sword       ||   195
Throw: Large rock        ||     8
  Eat: Chunk             ||     3
Armor: Robe              ||    50
Dodge: Dodged            ||    63

Vault maps used:
D:1:      tarquinn_simple_flora_water_a, wad_woods_river_04
D:2:      lemuel_round_altar, uniq_terence

Table legend:
 A = Turns spent in this place as a percentage of turns spent in the entire game.
 B = Non-inter-level travel turns spent in this place as a percentage of non-inter-level travel turns spent in the entire game.
 C = Inter-level travel turns spent in this place as a percentage of turns spent in this place.
 D = Turns resting spent in this place as a percentage of non-inter-level travel turns spent in this place.
 E = Turns spent auto-exploring this place as a percentage of non-inter-level travel turns spent in this place.
 F = Non-inter-level travel turns spent in this place divided by the number of levels of this place that you've seen.
                   A       B       C       D       E      F
               +-------+-------+-------+-------+-------+----------------------
         Total | 100.0 | 100.0 |   0.7 |   2.3 |   7.5 | 213.0
       Dungeon | 100.0 | 100.0 |   0.7 |   2.3 |   7.5 | 213.0
               +-------+-------+-------+-------+-------+----------------------

Table legend:
 A = Kills in this place as a percentage of kills in entire the game.
 B = Kills by you in this place as a percentage of kills by you in the entire game.
 C = Kills by friends in this place as a percentage of kills by friends in the entire game.
 D = Other kills in this place as a percentage of other kills in the entire game.
 E = Experience gained in this place as a percentage of experience gained in the entire game.
 F = Experience gained in this place divided by the number of levels of this place that you have seen.
                   A       B       C       D       E      F
               +-------+-------+-------+-------+-------+----------------------
         Total | 100.0 | 100.0 |  -nan |  -nan | 100.0 |  22.5
       Dungeon | 100.0 | 100.0 |  -nan |  -nan | 100.0 |  22.5
               +-------+-------+-------+-------+-------+----------------------
